 Dungeon Sprint DCSS version 0.26-a0-597-gb535b0901c (webtiles) character file.

Game seed: 2782569155368027245

7 HoaS the Grappler (level 2, -4/17 HPs)
             Began as a Gargoyle Gladiator on Sept 6, 2020.
             Was an Initiate of Makhleb.
             Slain by a red ugly thing (7 damage)
             ... in the Dungeon (Sprint V: "Ziggurat Sprint").
             The game lasted 00:01:13 (57 turns).

HoaS the Grappler (Gargoyle Gladiator)                Turns: 57, Time: 00:01:14

Health: -4/17      AC: 22    Str: 29    XL:     2   Next: 0%
Magic:  2/2        EV:  5    Int:  8    God:    Makhleb [......]
Gold:   0          SH:  0    Dex: 11    Spells: 1/1 levels left

rFire    + . .     SeeInvis .     - Unarmed
rCold    + . .     Faith    .   (no shield)
rNeg     + . .     Spirit   .   j - +5 crystal plate armour
rPois    ∞         Reflect  .   b - +0 helmet
rElec    +         Harm     .   (no cloak)
rCorr    +         NoTele   +   (no gloves)
MR       .....                  (no boots)
Stlth    ..........             (no amulet)
HPRegen  0.05/turn              E - +6 ring of strength
MPRegen  0.08/turn              F - +6 ring of strength

@: mighty, resistant, hasted, very quick
A: negative energy resistance 1, electricity resistance, unbreathing,
petrification resistance, rot immunity, AC +2
a: Renounce Religion


You were in the Dungeon.
You worshipped Makhleb.
Makhleb was noncommittal.
You visited 1 branch

Inventory:

Missiles
 c - 3 throwing nets (quivered)
Armour
 b - a +0 helmet (worn)
 j - a +5 crystal plate armour (worn)
Jewellery
 z - an uncursed ring of flight
 A - a +6 ring of dexterity
 B - a +6 ring of dexterity
 C - a +6 ring of intelligence
 D - a +6 ring of intelligence
 E - a +6 ring of strength (left hand)
 F - a +6 ring of strength (right hand)
Wands
 w - a wand of disintegration (7)
 x - a wand of iceblast (7)
 y - a wand of acid (7)
Scrolls
 i - 4 scrolls of blinking
 q - 4 scrolls of amnesia
 r - 7 scrolls of fog
 s - a scroll of holy word
 t - 5 scrolls of identify
 u - 5 scrolls of remove curse
 v - 2 scrolls of fear
Potions
 d - 10 potions of curing
 e - 10 potions of heal wounds
 f - 5 potions of haste
 g - 7 potions of magic
 h - 3 potions of berserk rage
 k - 2 potions of brilliance
 l - 2 potions of invisibility
 m - 3 potions of resistance
 o - 5 potions of stabbing
 p - 4 potions of might


   Skills:
 - Level 2.1 Fighting
 - Level 1.7 Throwing
 - Level 2.4 Dodging
 + Level 8.1 Unarmed Combat


You had one spell level left.
You didn't know any spells.
Your spell library was empty.

Dungeon Overview and Level Annotations

Branches:
Dungeon (1/1)

Altars:
Ashenzari
Cheibriados
Dithmenos
Elyvilon
Fedhas
Gozag
Hepliaklqana
Kikubaaqudgha
Makhleb
Nemelex Xobeh
Okawaru
Qazlal
Ru
Sif Muna
Trog
Uskayaw
Vehumet
Wu Jian
Xom
Yredelemnul
Zin
The Shining One
Beogh
Jiyva
Lugonu

Annotations:
D 1 transporter


Innate Abilities, Weirdness & Mutations

You are resistant to torment.
Your stone body is resilient. (AC +2)
You are immune to poison.
You resist negative energy. (rN+)
You are resistant to electric shocks. (rElec)
You can survive without breathing.
You are immune to petrification.
You are immune to rotting.


Message History

An acid dragon and an ugly thing come into view.
The acid dragon roars!
The red ugly thing gurgles horribly!
Found a +4 broad axe of flaming and 4 scrolls of enchant armour.
Found a transporter.
You feel protected.
You feel very mighty all of a sudden.
The red ugly thing completely misses you.
The acid dragon bites you.
The acid dragon claws you but does no damage.
You feel yourself speed up.
The red ugly thing gores you but does no damage.
The acid dragon spits acid at you.
The splash of acid hits you but does no damage.
You resist.
You are splashed with acid!
You resist.
You punch the red ugly thing!
The red ugly thing is moderately wounded.
The red ugly thing gores you.
* * * LOW HITPOINT WARNING * * *
You are engulfed in flames!
You resist.
You die...

▓▓▓▓▓▓▓
▓.8©8.▓
▓.....▓
▓.?.).▓
▓.....▓
▓.Du..▓
▓..@..▓
▓▓▓▓▓▓▓


You could see a red ugly thing and an acid dragon (catching breath).

Vanquished Creatures (others)
  A ynoxinul (D)
1 creature vanquished.

Notes
Turn   | Place    | Note
-------+----------+-------------------------------------------
     0 | D        | HoaS the Gargoyle Gladiator began the quest for the Orb.
     0 | D        | Reached XP level 1. HP: 12/12 MP: 1/1
     5 | D        | Found a shimmering blue altar of Sif Muna.
     5 | D        | Found a bloodstained altar of Trog.
     5 | D        | Found a sacrificial altar of Ru.
     5 | D        | Found a stormy altar of Qazlal.
     5 | D        | Found an iron altar of Okawaru.
     6 | D        | Found a sparkling altar of Nemelex Xobeh.
     6 | D        | Found a blossoming altar of Fedhas.
     7 | D        | Found the +6 Majin-Bo {vamp, MP+6 Int+6}
     7 | D        | Found the +9 heavy crossbow "Sniper" {vorpal, Acc+∞ SInv}
     7 | D        | Found the +10 dark maul {vorpal}
     7 | D        | Found the +15 Maxwell's patent armour {-Cast -Tele rElec
                  | MR+ rCorr}
     7 | D        | Found the +18 shield of the Gong {rElec rN+ MR+ EV-5}
     7 | D        | Found the cursed +14 obsidian axe {vorpal, +Fly SInv
                  | *Curse}
     7 | D        | Found the +7 great mace "Firestarter" {inner flame, rF++}
     7 | D        | Found the +6 shillelagh "Devastator" {shatter}
     7 | D        | Found the +11 plutonium sword {*Contam Stlth-}
     7 | D        | Found the +8 lance "Wyrmbane" {slay drac, rPois rF+ rC+
                  | AC+3}
     7 | D        | Found the +9 sword of Zonguldrok {reap}
     7 | D        | Found the cursed +13 scythe of Curses {drain, *Curse}
     7 | D        | Found the +0 sword of Power
     7 | D        | Found the +7 mace of Variability {chain chaos}
     7 | D        | Found the +7 Singing Sword {vorpal, sonic wave}
     7 | D        | Found the +8 storm bow {elec, penet}
     8 | D        | Found a transporter.
     8 | D        | Found an ancient bone altar of Kikubaaqudgha.
     8 | D        | Found a viscous altar of Jiyva.
     8 | D        | Found a corrupted altar of Lugonu.
     8 | D        | Found a hazy altar of Hepliaklqana.
     8 | D        | Found a burning altar of Makhleb.
     8 | D        | Found an opulent altar of Gozag.
    26 | D        | Killed a ynoxinul
    30 | D        | Became a worshipper of Makhleb the Destroyer
    50 | D        | Reached skill level 8 in Unarmed Combat
    50 | D        | Reached XP level 2. HP: 17/17 MP: 2/2
    53 | D        | Entered arena 2.
    53 | D        | Noticed an acid dragon
    53 | D        | Noticed a red ugly thing
    53 | D        | Found a transporter.
    57 | D        | Slain by a red ugly thing

Illustrated notes

Levels and vault maps discovered:
D:        sprint_v [room_start, room_1, room_2, room_3, room_4, room_5, room_6,
          room_7, room_8, room_9, room_10, room_11, room_12, room_13, room_14,
          room_15, room_16, room_17, room_18, room_19, room_20, room_21,
          room_22, room_23, room_24, room_25, room_26, room_27]

Skill      XL: |  1 |
---------------+----+-----
Unarmed Combat | 8 |  8.1
Fighting       | |  2.1
Throwing       | |  1.7
Dodging        | |  2.4

Action                   || total
-------------------------++-------
Melee: Unarmed           ||     1
  Use: Potion            ||     4
Armor: Crystal plate arm ||     2
Dodge: Dodged            ||     1

Table legend: (Time is in decaauts)
 A = Elapsed time spent in this place.
 B = Non-inter-level travel time spent in this place.
 C = Inter-level travel time spent in this place.
 D = Time resting spent in this place.
 E = Time spent auto-exploring this place.
 F = Levels seen in this place.
 G = Mean time per level.
                   A        B        C        D        E       F      G
               +--------+--------+--------+--------+--------+-----+--------+
         Total |     56 |     56 |      0 |      0 |      0 |   1 |   56.0 |
       Dungeon |     56 |     56 |      0 |      0 |      0 |   1 |   56.0 |
               +--------+--------+--------+--------+--------+-----+--------+

Top non-repeatable levels by time:
       D: 56 daAuts
